 Dungeon Crawl Stone Soup version 0.25-a0-237-g0889b22 (webtiles) character file.

Game seed: 5351287711416903906, levelgen mode: deterministic

26 Blackhawk the Skirmisher (level 3, -1/29 HPs)
             Began as a Formicid Abyssal Knight on Dec 2, 2019.
             Was a Follower of Lugonu.
             Slain by Terence
             ... wielding a +0 flail
              (6 damage)
             ... on level 2 of the Dungeon.
             The game lasted 00:02:57 (1088 turns).

Blackhawk the Skirmisher (Formicid Abyssal Knight)  Turns: 1088, Time: 00:02:58

Health: -1/29      AC:  4    Str: 17    XL:     3   Next: 22%
Magic:  4/5        EV:  7    Int: 16    God:    Lugonu [*.....]
Gold:   62         SH:  0    Dex: 10    Spells: 2/2 levels left

rFire    . . .     SeeInvis +   a - +1 hand axe
rCold    . . .     Gourm    .   (no shield)
rNeg     . . .     Faith    .   e - +0 chain mail
rPois    .         Spirit   .   (helmet unavailable)
rElec    .         Reflect  .   (no cloak)
rCorr    +         Harm     .   (no gloves)
MR       .....                  (no boots)
Stlth    ..........             (no amulet)
HPRegen  0.09/turn              k - ring of resist corrosion
MPRegen  0.09/turn              (no ring)

@: brilliant
A: permanent stasis, dig shafts and tunnels, four strong arms, antennae 3,
deformed body
a: Dig, Shaft Self, Depart the Abyss, Renounce Religion


You were on level 2 of the Dungeon.
You worshipped Lugonu.
Lugonu was aware of your devotion.
You were not hungry.

You visited 1 branch of the dungeon, and saw 2 of its levels.
You visited the Abyss 1 time.

You collected 62 gold pieces.

Inventory:

Hand Weapons
 a - a +1 hand axe (weapon)
Armour
 b - a +0 leather armour
 e - a +0 chain mail (worn)
Jewellery
 k - a ring of resist corrosion (left hand)
Scrolls
 d - 2 scrolls of identify {unknown}
 i - a scroll of teleportation {unknown}
 j - 4 scrolls of fear {unknown}
Potions
 h - a potion of brilliance
Comestibles
 c - 8 rations
 f - 3 chunks of flesh


   Skills:
 + Level 3.5 Fighting
 + Level 2.3 Axes
 + Level 2.5 Armour
 + Level 1.3 Dodging
 + Level 2.6 Invocations


You had 2 spell levels left.
You didn't know any spells.
Your spell library was empty.

Dungeon Overview and Level Annotations

Branches:
Dungeon (2/15)

Altars:

Annotations:
D:2 Sigmund, Terence


Innate Abilities, Weirdness & Mutations

You cannot be hasted, slowed, berserked, paralysed or teleported.
You can dig through walls and to a lower floor.
Your four strong arms can wield two-handed weapons with a shield.
You have a pair of large antennae on your head. (SInv)
Armour fits poorly on your strangely shaped body.


Message History

The bat barely misses you.
Sigmund mumbles some strange words.
Sigmund flickers and vanishes for a moment.
Terence barely misses you.
It was a potion of brilliance.
You feel clever all of a sudden. The bat completely misses you.
Terence hits you with a +0 flail.
It was a potion of berserk rage.
Your stasis prevents you from going berserk.
The bat hits you but does no damage. The dart slug launches a dart at you.
The slug dart hits you.
* * * LOW HITPOINT WARNING * * *
You slash Terence!
Terence is heavily wounded.
You hit the dart slug. You hit the bat.
You kill the bat!
Lugonu accepts your kill. Terence hits you with a +0 flail.
You die...

{ .. #...... .. ## #.
#.....# ... #. .
####...... #..##.#.
###........# #.#....
#...##.....# #...@.#
##.######..##
.###....####..# #.....
.....#@.##...### #.....
#....@.......## #..)..
##.##w........###....#
......................
.....................(
................#......
...............#.......
..........#...##.#.....
.........###...#.#.....
....#.#.# ###.....#...


You could see Sigmund (invisible), Terence and a dart slug.

Vanquished Creatures
  An ooze (D:2)
  A worm (D:2)
  A ball python (D:1)
  A giant cockroach (D:1)
  5 goblins
  3 hobgoblins
  2 bats
  A frilled lizard (D:1)
  2 kobolds
17 creatures vanquished.

Notes
Turn   | Place    | Note
-------+----------+-------------------------------------------
     0 | Abyss:1  | Blackhawk the Formicid Abyssal Knight began the quest for
                  | the Orb.
     0 | Abyss:1  | Reached XP level 1. HP: 18/18 MP: 2/2
    79 | Abyss:1  | Noticed a neqoxec
    95 | Abyss:1  | Gained mutation: Armour fits poorly on your strangely
                  | shaped body. [a neqoxec]
    98 | D:1      | Escaped the Abyss
   163 | D:1      | Reached skill level 1 in Dodging
   393 | D:1      | Reached XP level 2. HP: 24/24 MP: 3/3
   928 | D:2      | Reached XP level 3. HP: 28/29 MP: 4/4
  1081 | D:2      | Noticed Terence
  1082 | D:2      | Noticed Sigmund
  1088 | D:2      | Slain by Terence

Levels and vault maps discovered:
D:1:      saegor_arrival_simple_e, layout_basic
D:2:      layout_rooms, first_ration, uniq_sigmund, uniq_crazy_yiuf_cottage,
          uniq_terence

Skill      XL: |  1 |
---------------+----+-----
Dodging        | 1 |  1.3
Fighting       | |  3.5
Axes           | |  2.3
Armour         | |  2.5
Invocations    | |  2.6

Action                   || total
-------------------------++-------
Melee: Hand axe          ||    58
  Use: Potion            ||     3
  Eat: Chunk             ||     1
Armor: Chain mail        ||    24
       Leather armour    ||     1
Dodge: Dodged            ||    25

Table legend:
 A = Non-vault XP
 B = Vault XP
 C = Vault XP percentage of total XP
 D = Non-vault monster count
 E = Vault monster count
 F = Vault count percentage of total count
                 A         B        C        D         E       F
            +---------+---------+-------+---------+---------+-------
      Total |      38 |       0 |   0.0 |      17 |       0 |   0.0
            +---------+---------+-------+---------+---------+-------
        D:1 |      18 |       0 |   0.0 |      11 |       0 |   0.0
        D:2 |      20 |       0 |   0.0 |       6 |       0 |   0.0
            +---------+---------+-------+---------+---------+-------
